 Dungeon Crawl Stone Soup version 0.29.1-1-gd02db6906a (webtiles) character file.

Game seed: 3690589503770239933

347 hawla the Magician (level 7, 0/52 HPs)
             Began as a Meteoran Fire Elementalist on Oct 12, 2022.
             Slain by Terence
             ... wielding a +2 mace of protection
              (2 damage)
             ... on level 3 of the Dungeon.
             The game lasted 00:07:49 (1762 turns).

hawla the Magician (Meteoran Fire Elementalist)     Turns: 1762, Time: 00:07:50

Health: 0/52       AC:  4    Str: 17    XL:     7   Next: 14%
Magic:  4/16       EV: 13    Int: 18    God:
Gold:   63         SH:  0    Dex: 14    Spells: 14/17 levels left

rFire   . . .      SeeInvis .   (no weapon)
rCold   + . .      Faith    .   (no shield)
rNeg    . . .      Spirit   .   a - +0 robe
rPois   .          Reflect  .   (no helmet)
rElec   .          Harm     .   (no cloak)
rCorr   .          Rampage  .   e - +0 pair of gloves
Will    +....                   j - +0 pair of boots
Stlth   +.........              (no amulet)
HPRegen 0.00/turn               i - +6 ring of strength
MPRegen 0.15/turn               m - ring of protection from cold

@: inhibited regen, glowing, unable to drink
A: sense surroundings 1, otherworldly, glowing, explore regen, talons 1,
strong-willed 1, inhibited regeneration, inability to drink after injury 1
a: no special abilities


You were on level 3 of the Dungeon.
You visited 1 branch of the dungeon, and saw 4 of its levels.

You collected 63 gold pieces.

Inventory:

Armour
 a - a +0 robe (worn)
 e - a +0 pair of gloves (worn)
 j - a +0 pair of boots (worn)
Jewellery
 f - a ring of fire
 i - a +6 ring of strength (left hand)
 m - a ring of protection from cold (right hand)
Scrolls
 g - a scroll of brand weapon
Potions
 b - a potion of magic
 c - 3 potions of curing
 d - a potion of flight
 h - a potion of mutation
 l - a potion of might


   Skills:
 + Level 1.0 Fighting
 + Level 3.3 Dodging
 - Level 1.4 Stealth
 + Level 5.8 Spellcasting
 + Level 2.8 Conjurations
 + Level 5.6 Fire Magic


You had 14 spell levels left.
You knew the following spells:

 Your Spells              Type           Power      Damage    Failure   Level
a - Foxfire               Conj/Fire      80%        2x1d8     2%          1
b - Scorch                Fire           50%        2d8       1%          2

Your spell library contained the following spells:

 Spells                   Type           Power      Damage    Failure   Level
 Conjure Flame            Conj/Fire      20%        6-21      6%          3
 Inner Flame              Hex/Fire       15%        N/A       12%         3
 Ignite Poison            Fire/Tmut/Pois 12%        N/A       17%         3
 Flame Wave               Conj/Fire      20%        2d7       22%         4
 Sticky Flame             Conj/Fire      20%        2d4       22%         4
 Gell's Gravitas          Tloc           5%         N/A       36%         3
 Lesser Beckoning         Tloc           5%         N/A       36%         3
 Teleport Other           Tloc           5%         N/A       36%         3


Dungeon Overview and Level Annotations

Branches:
Dungeon (4/15) Zot: 641
 Temple: D:4-7

Altars:

Shops:
D:3 [

Annotations:
D:3 Terence


Innate Abilities, Weirdness & Mutations

You passively map a small area around you.
You are easily found by Zot.
You glow in the dark.
You regain HP and MP as you explore.
You have sharp toenails.
You are strong-willed. (Will+)
You do not regenerate when monsters are visible.
You occasionally lose the ability to drink potions when taking damage.


Message History

Casting: Scorch (safe; 1% risk of failure)
Confirm with . or Enter, or press ? or * to list all spells.
You don't have enough magic to cast this spell.
Casting: Scorch (safe; 1% risk of failure)
Confirm with . or Enter, or press ? or * to list all spells.
You conjure some foxfire!
Terence hits you with a +2 mace of protection.
Casting: Foxfire (safe; 2% risk of failure)
Confirm with . or Enter, or press ? or * to list all spells.
You conjure some foxfire!
The foxfire hits Terence.
Terence is moderately wounded.
The foxfire hits Terence but does no damage.
Terence is moderately wounded.
Terence hits you with a +2 mace of protection!
* * * LOW HITPOINT WARNING * * *
Okay, then.
It was a potion of mutation.
You feel extremely strange.
You occasionally lose the ability to drink potions when taking damage.
You feel strong-willed.
Your regeneration stops near monsters.
Your toenails lengthen and sharpen.
The foxfire hits Terence.
Terence is heavily wounded.
The foxfire hits Terence!
Terence is almost dead.
Terence hits you with a +2 mace of protection.
* * * LOW HITPOINT WARNING * * *
You feel better.
Terence hits you with a +2 mace of protection!
You feel threatened and lose the ability to drink potions!
* * * LOW HITPOINT WARNING * * *
You cannot drink potions in your current state!
Okay, then.
Terence hits you but does no damage.
You see here a hound corpse.
Terence attacks as you move away!
Terence hits you with a +2 mace of protection!
* * * LOW HITPOINT WARNING * * *
Terence attacks as you move away!
Terence hits you with a +2 mace of protection.
You die...

###.., * *** * #######.#
..... ^.... , ........# ###..
#...##### ######..# ,
#...#...# #..# #...#...# #..#
#####...#...# #..#
#.......#...# #..#
######.......#...#########..#
#.............@@............#
####.>†...##...#########.## *
#....†.###### #.# * #......#
#.# * * #......# #.# ,
#......# #.# ## ######## #.#
.#,* ######### #.# .#
#.......# #.#


You could see Terence.

Vanquished Creatures
  An ogre (D:3)
  A hound (D:3)
  A gnoll bouda (D:4)
  Natasha (D:3)
  4 orc wizards (D:3)
  3 adders
  A dart slug (D:2)
  5 orcs (D:3)
  5 bats
  6 endoplasms
  2 giant cockroaches (D:1)
  6 goblins
  3 hobgoblins
  4 kobolds
  A quokka (D:1)
  3 ball pythons
  A frilled lizard (D:2)
  5 rats
53 creatures vanquished.

Vanquished Creatures (others)
  122 foxfires
122 creatures vanquished.

Grand Total: 175 creatures vanquished

Notes
Turn   | Place    | Note
-------+----------+-------------------------------------------
     0 | D:1      | hawla the Meteoran Fire Elementalist began the quest for
                  | the Orb.
     0 | D:1      | Reached XP level 1. HP: 14/14 MP: 5/5
    77 | D:1      | Found a faded altar of an unknown god.
   147 | D:1      | Reached XP level 2. HP: 20/20 MP: 6/6
   150 | D:1      | Learned a level 2 spell: Scorch
   501 | D:1      | Glimpsed the power of Zot.
   599 | D:2      | Reached XP level 3. HP: 26/26 MP: 4/8
  1101 | D:2      | Glimpsed the power of Zot.
  1260 | D:3      | Reached XP level 4. HP: 33/33 MP: 1/10
  1405 | D:3      | Reached XP level 5. HP: 17/38 MP: 0/12
  1442 | D:3      | Noticed an ogre
  1463 | D:3      | Reached XP level 6. HP: 36/46 MP: 5/14
  1467 | D:3      | Killed an ogre
  1468 | D:3      | Reached skill level 5 in Spellcasting
  1468 | D:3      | Reached skill level 5 in Fire Magic
  1513 | D:3      | Found Waxej's Armour Emporium.
  1573 | D:3      | Noticed Natasha
  1575 | D:3      | Killed Natasha
  1702 | D:3      | Glimpsed the power of Zot.
  1728 | D:4      | Reached XP level 7. HP: 43/51 MP: 10/16
  1741 | D:3      | Noticed Terence
  1750 | D:3      | Reached skill level 1 in Fighting
  1752 | D:3      | Gained mutation: You occasionally lose the ability to drink
                  | potions when taking damage. [potion of mutation]
  1752 | D:3      | Gained mutation: You are strong-willed. (Will+) [potion of
                  | mutation]
  1752 | D:3      | Gained mutation: You do not regenerate when monsters are
                  | visible. [potion of mutation]
  1752 | D:3      | Gained mutation: You have sharp toenails. [potion of
                  | mutation]
  1753 | D:3      | HP: 2/52 [Terence/+2 mace of protection (8)]
  1761 | D:3      | HP: 2/52 [Terence/+2 mace of protection (7)]
  1762 | D:3      | Slain by Terence

Illustrated notes

Levels and vault maps discovered:
D:1:      dpeg_arrival_triangle_fractal, layout_basic, basic_ecumenical_altar
D:2:      layout_loops_corners
D:3:      layout_basic, serial_shops, shop, uniq_terence, uniq_natasha
D:4:      layout_basic, minmay_temple_entry_glass, gammafunk_ghost_necromancy,
          minmay_shop_enchanted_jewellery, dilly_guarded_unrand_devastator

Skill      XL: |  1  2  3  4  5  6  7 |
---------------+----------------------+-----
Spellcasting   | 3 4 5 |  5.8
Fire Magic     | 4 5 |  5.6
Dodging        | 3 |  3.3
Conjurations   | 2 |  2.8
Fighting       | 1 |  1.0
Stealth        | |  1.4

Action                   |  1- 3 |  4- 6 |  7- 9 || total
-------------------------+-------+-------+-------++-------
Melee: Unarmed           |     2 |     7 |       ||     9
 Cast: Foxfire           |    44 |    25 |     4 ||    73
       Scorch            |    10 |    17 |     6 ||    33
  Use: Scroll            |     6 |     1 |       ||     7
       Potion            |       |     1 |     2 ||     3
Armor: Robe              |     1 |    23 |    10 ||    34
Dodge: Dodged            |     5 |    28 |    15 ||    48
